 Dungeon Crawl Stone Soup version 0.19.1 (webtiles) character file.

2919 Pixllover the Ducker (level 9, -1/132 HPs)
             Began as a Troll Berserker on Dec 22, 2016.
             Was an Elder of Trog.
             Slain by a hog (3 damage)
             ... on level 7 of the Dungeon.
             The game lasted 00:41:02 (6146 turns).

Pixllover the Ducker (Troll Berserker)              Turns: 6146, Time: 00:41:03

Health: -1/132     AC: 24    Str: 35    XL:     9   Next: 50%
Magic:  8/8        EV:  1    Int:  8    God:    Trog [****..]
Gold:   475        SH:  0    Dex: 12    Spells: 0 memorised, 8 levels left

rFire  . . .     SeeInvis .     y - +3 spear (freeze)
rCold  . . .     Gourm    +     (armour currently unavailable)
rNeg   + + +     Faith    .     (no shield)
rPois  +         Spirit   .     (helmet currently unavailable)
rElec  .         Reflect  .     (cloak currently unavailable)
rCorr  .         Harm     .     (gloves unavailable)
MR     .....     Rnd*Rage +     (boots unavailable)
Stlth  ++........ NoTele   +    d - amulet of the gourmand
                                p - +3 ring of dexterity
                                o - +4 ring of strength

@: tree-form, drained
A: unfitting armour, (claws 0), (iridescent scales 0), berserk 1, blurry vision
2, clever 2, fast metabolism 3, gourmand, (poison resistance), regeneration 1,
(shaggy fur 0), strong 1, (tough skin 0)
a: Berserk, Trog's Hand, Brothers in Arms, Burn Spellbooks, Renounce Religion


You were on level 7 of the Dungeon.
You worshipped Trog.
Trog was greatly pleased with you.
You were not hungry.
You were a tree.
You visited 2 branches of the dungeon, and saw 8 of its levels.
You also visited: Ossuary.

You collected 475 gold pieces.

Inventory:

Hand Weapons
 a - a +1 mace
 e - a +1 dagger of venom
 x - a +3 war axe
 y - a +3 spear of freezing (weapon)
Missiles
 r - 18 sling bullets
 s - 34 poisoned needles (quivered)
Armour
 b - a +1 animal skin (melded)
Jewellery
 d - an amulet of the gourmand (around neck)
 j - an uncursed ring of see invisible
 o - a +4 ring of strength (left branch)
 p - a +3 ring of dexterity (right branch)
Wands
 k - a wand of confusion (23/48)
Scrolls
 f - a scroll of blinking {unknown}
 g - a scroll of random uselessness {unknown}
 i - 5 scrolls of amnesia {unknown}
 m - a scroll of summoning {unknown}
 q - 5 scrolls of remove curse
Potions
 h - a potion of cancellation


   Skills:
 + Level 5.6(5.3) Fighting
 + Level 5.0(4.7) Short Blades
 + Level 4.5(4.2) Maces & Flails
 + Level 3.7(3.5) Polearms
 + Level 6.5(6.2) Dodging
 + Level 1.2(1.0) Stealth
 + Level 0.2(0.0) Unarmed Combat
 + Level 0.2(0.0) Evocations


You had 8 spell levels left.
You didn't know any spells.

Dungeon Overview and Level Annotations

Branches:
Dungeon (7/15)             Temple (1/1) D:6

Altars:
Cheibriados
Dithmenos
Elyvilon
Gozag
Hepliaklqana
Kikubaaqudgha
Makhleb
Nemelex Xobeh
Qazlal
Ru
Trog
Uskayaw
Vehumet
Yredelemnul
Zin
The Shining One

Shops:
D:5 [?   D:6 :}[!

Annotations:
D:4 Pixllover's ghost, amateur TrBe


Innate Abilities, Weirdness & Mutations

You are too large for most types of armour.
((You have claws for hands.))
Your metabolism is lightning-fast.
You like to eat raw meat.
Your natural rate of healing is unusually fast.
((You are covered in fur. (AC +1)))
((You have very tough skin. (AC +2)))
((You are partially covered in iridescent scales. (AC +2)))
You tend to lose your temper in combat.
Scrolls take you longer to read.
Your mind is very acute. (Int +4)
((Your system is resistant to poisons. (rPois)))
Your muscles are strong. (Str +2)


Message History

You barely miss the orc. The hog bites you.
* * * LOW HITPOINT WARNING * * *
The hog bites you.
* * * LOW HITPOINT WARNING * * *
Your ogre goes berserk!
You feel quite a bit more hungry. The hog bites you but does no damage.
The orc hits you but does no damage. The orc closely misses your ogre.
The hog bites you but does no damage. x2
You hit the orc. You freeze the orc.
You kill the orc!
Trog accepts your kill. The hog bites you but does no damage.
Your ogre rages.
The hog barely misses you.
You cannot move.
The hog bites you.
* * * LOW HITPOINT WARNING * * *
The hog bites you but does no damage. x2
The hog bites you but does no damage. The hog bites you.
You die...

#(# #### #.#
#... #.#
#.... #.#
###h##### #.#
#%....#.###.#
#%%.(.'..##.#
#######..##.#
#.O♣h###.##.#
#.)#ho.)....#
#..#.########
#..#.# ..>...
#####.# #.#
## ... .# #.#


You could see 2 hogs, an orc priest and a friendly ogre (berserk).

Vanquished Creatures
  A hippogriff (D:7)
  A human (D:7)
  A hog (D:7)
  A hungry ghost (D:7)
  An orc warrior (D:6)
  2 ice beasts
  A sky beast (D:6)
  A necrophage (D:5)
  A phantom (D:5)
  An ogre (D:5)
  A centaur (D:7)
  A bullfrog (D:4)
  A wyvern skeleton (D:7)
  A scorpion (D:5)
  10 wights
  2 howler monkeys
  2 crimson imps
  An orc priest (D:7)
  A centaur skeleton (D:5)
  A gnoll shaman (D:4)
  3 hounds
  A jelly (D:6)
  8 orc wizards
  2 iguanas (D:4)
  3 worker ants
  A mummy (Ossuary)
  A howler monkey zombie (D:7)
  5 gnolls (D:4)
  A howler monkey skeleton (D:4)
  11 adders
  A shadow imp (D:7)
  2 oozes (D:1)
  2 adder zombies
  A worm (D:2)
  4 dart slugs
  4 leopard geckos
  30 orcs
  2 ball pythons
  7 giant cockroaches
  9 goblins
  6 hobgoblins
  9 jackals
  5 kobolds
  A quokka (D:6)
  5 bats
  7 frilled lizards
  3 kobold zombies (Ossuary)
  A leopard gecko skeleton (D:5)
  4 orc zombies (Ossuary)
  2 quokka skeletons
  5 rats
  A plant (D:5)
179 creatures vanquished.

Notes
Turn   | Place    | Note
-------+----------+-------------------------------------------
     0 | D:1      | Pixllover the Troll Berserker began the quest for the Orb.
     0 | D:1      | Reached XP level 1. HP: 22/22 MP: 0/0
   239 | D:1      | Reached XP level 2. HP: 29/29 MP: 1/1
   497 | D:1      | Reached skill level 3 in Dodging
   553 | D:1      | Reached XP level 3. HP: 30/36 MP: 2/2
   701 | D:1      | Reached ** piety under Trog
  1119 | D:2      | Reached XP level 4. HP: 39/44 MP: 3/3
  1643 | D:3      | Reached *** piety under Trog
  1643 | D:3      | Reached XP level 5. HP: 33/52 MP: 4/4
  2019 | D:3      | Reached skill level 4 in Dodging
  2019 | D:3      | Reached XP level 6. HP: 12/61 MP: 5/5
  2291 | D:4      | Reached skill level 1 in Short Blades
  2315 | D:4      | HP: 4/91 [iguana (5)]
  2336 | D:4      | Gained mutation: Your muscles are strong. (Str +2) [potion of mutation]
  2336 | D:4      | Lost mutation: Your muscles are strong. (Str +2) [potion of mutation]
  2336 | D:4      | Gained mutation: Your muscles are strong. (Str +2) [potion of mutation]
  2346 | D:4      | Reached **** piety under Trog
  2446 | D:4      | Reached XP level 7. HP: 67/67 MP: 6/6
  2828 | D:4      | Noticed Pixllover's ghost (amateur TrBe)
  2852 | D:5      | Entered Level 5 of the Dungeon
  2914 | D:5      | Found Hibo's Antique Armour Emporium.
  2963 | D:5      | Found a sand-covered staircase.
  2970 | Ossuary  | Entered an ossuary
  3226 | D:5      | Found Fokat's Magic Scroll Emporium.
  3482 | D:5      | Reached skill level 5 in Dodging
  3530 | D:5      | Reached XP level 8. HP: 78/78 MP: 7/7
  3974 | D:5      | Gained mutation: Your system is resistant to poisons. (rPois) [potion of mutation]
  3974 | D:5      | Gained mutation: Your mind is acute. (Int +2) [potion of mutation]
  3974 | D:5      | Gained mutation: Your mind is very acute. (Int +4) [potion of mutation]
  3975 | D:5      | Gained mutation: You have a pair of small horns on your head. [potion of mutation]
  3975 | D:5      | Lost mutation: You have a pair of small horns on your head. [potion of mutation]
  3976 | D:5      | Gained mutation: Scrolls take you a little longer to read. [potion of mutation]
  3976 | D:5      | Gained mutation: You tend to lose your temper in combat. [potion of mutation]
  4199 | D:6      | Found Uwoehosyant's Book Shoppe.
  4203 | D:6      | Found a staircase to the Ecumenical Temple.
  4216 | Temple   | Entered the Ecumenical Temple
  4400 | D:6      | Found Natyb's Gadget Boutique.
  4601 | D:6      | Found Fuogiom's Antique Armour Boutique.
  4730 | D:6      | Gained mutation: Scrolls take you longer to read. [mutagenic meat]
  4731 | D:6      | Gained mutation: You are partially covered in iridescent scales. (AC +2) [mutagenic meat]
  4733 | D:6      | Lost mutation: You tend to lose your temper in combat. [mutagenic meat]
  4734 | D:6      | Gained mutation: You tend to lose your temper in combat. [mutagenic meat]
  4749 | D:6      | Found Nuohevur's Distillery.
  4849 | D:6      | Reached skill level 5 in Fighting
  4849 | D:6      | Reached skill level 1 in Stealth
  5198 | D:7      | Found a sparkling altar of Nemelex Xobeh.
  5212 | D:7      | Reached skill level 6 in Dodging
  5242 | D:7      | Reached skill level 5 in Short Blades
  5242 | D:7      | Reached skill level 1 in Polearms
  5250 | D:7      | Reached XP level 9. HP: 40/86 MP: 8/8
  5603 | D:7      | Paralysed by fainting for 5 turns
  6142 | D:7      | HP: 1/132 [hog (6)]
  6146 | D:7      | Slain by a hog

Skill      XL: |  1  2  3  4  5  6  7  8  9 |
---------------+----------------------------+-----
Maces & Flails | 3 4 |  4.5
Dodging        | 3 4 5 6 |  6.5
Fighting       | 3 4 5 |  5.6
Short Blades   | 2 3 5 |  5.0
Stealth        | 1 |  1.2
Polearms       | 1 3 |  3.7
Unarmed Combat | |  0.2
Evocations     | |  0.2

Action                   |  1- 3 |  4- 6 |  7- 9 || total
-------------------------+-------+-------+-------++-------
Melee: Mace              |   154 |    57 |       ||   211
       Dagger            |       |   139 |   331 ||   470
       Unarmed           |       |     7 |       ||     7
       Punch             |       |       |     1 ||     1
       Spear             |       |       |   160 ||   160
Invok: Berserk           |       |     1 |     3 ||     4
       Trog's Hand       |       |       |     1 ||     1
       Brothers in Arms  |       |       |     1 ||     1
Evoke: Wand              |       |       |     1 ||     1
  Use: Potion            |     1 |     3 |    10 ||    14
       Scroll            |     4 |     5 |     6 ||    15
 Stab: Sleeping          |       |       |     2 ||     2
  Eat: Chunk             |     7 |    13 |    17 ||    37
       Meat ration       |       |     2 |       ||     2
       Bread ration      |       |       |     5 ||     5
       Beef jerky        |       |       |     2 ||     2
Armor: Animal skin       |    89 |    74 |   128 ||   291
       Skin              |       |    32 |    38 ||    70
Dodge: Dodged            |   140 |   157 |   240 ||   537
